 Dungeon Crawl Stone Soup version 0.31-a0-37-g98a128e1d9 (webtiles) character file.

Game seed: 12356420403219437046

7813 pk666 the Thaumaturge (level 11, -2/54 HPs)
             Began as a Deep Elf Fire Elementalist on May 15, 2023.
             Was a Believer of Vehumet.
             Slain by a chaos spawn (8 damage)
             ... summoned by a kobold demonologist
             ... on level 9 of the Dungeon.
             The game lasted 00:32:08 (10572 turns).

pk666 the Thaumaturge (Deep Elf Fire Elementalist) Turns: 10572, Time: 00:32:09

Health: -2/54      AC:  7    Str:  5    XL:     11   Next: 1%
Magic:  17/37      EV: 16    Int: 31    God:    Vehumet [**....]
Gold:   555        SH:  0    Dex: 13    Spells: 20/33 levels left

rFire   . . .        G - +4 short sword
rCold   + . .        (no shield)
rNeg    . . .        x - +0 robe {rC+}
rPois   +            (no helmet)
rElec   .            B - +2 cloak of Kiudoigy {rPois Will+ MP+9 Dex-2}
rCorr   .            g - +0 pair of gloves
SInv    .            f - +0 pair of boots
Will    ++...        n - amulet of regeneration
Stlth   ++           d - ring of wizardry
HPRegen 1.09/turn    D - +6 ring of intelligence
MPRegen 0.25/turn

%: wizardry (x1)
@: no status effects
A: no striking features
a: Renounce Religion


You were on level 9 of the Dungeon.
You worshipped Vehumet.
Vehumet was pleased with you.
You visited 2 branches of the dungeon, and saw 10 of its levels.

You collected 555 gold pieces.

Inventory:

Hand Weapons
 G - a +4 short sword (weapon)
Armour
 f - a +0 pair of boots (worn)
 g - a +0 pair of gloves (worn)
 x - a +0 robe of cold resistance (worn)
 B - the +2 cloak of Kiudoigy (worn) {rPois Will+ MP+9 Dex-2}
   (You found it on level 7 of the Dungeon)

   Dex:       It affects your dexterity (-2).
   rPois:     It protects you from poison.
   MP:        It affects your magic capacity (+9).
   Will:      It increases your willpower.
Jewellery
 d - a ring of wizardry (left hand)
 n - an amulet of regeneration (around neck)
 t - a ring of positive energy
 D - a +6 ring of intelligence (right hand)
Wands
 k - a wand of paralysis (5)
 A - a wand of mindburst (10)
Scrolls
 a - 4 scrolls of identify
 e - 2 scrolls of teleportation
 m - 2 scrolls of immolation {unknown}
 q - 2 scrolls of magic mapping {unknown}
 r - 3 scrolls of enchant armour {unknown}
 s - 3 scrolls of summoning {unknown}
 w - a scroll of fear {unknown}
 y - a scroll of noise {unknown}
 C - a scroll of enchant weapon {unknown}
 E - a scroll of fog {unknown}
Potions
 b - a potion of attraction {unknown}
 c - 5 potions of flight
 h - 2 potions of berserk rage {unknown}
 i - 2 potions of lignification {unknown}
 j - 2 potions of heal wounds {unknown}
 l - 2 potions of curing {unknown}
 o - 4 potions of cancellation {unknown}
 p - 2 potions of mutation {unknown}
 u - a potion of ambrosia {unknown}
 v - a potion of might {unknown}
 z - 2 potions of brilliance {unknown}
 F - a potion of invisibility {unknown}


   Skills:
 + Level 10.5 Dodging
 - Level 2.4 Stealth
 + Level 11.5 Spellcasting
 + Level 9.3 Conjurations
 + Level 10.0 Fire Magic


You had 20 spell levels left.
You knew the following spells:

 Your Spells              Type           Power      Damage    Failure   Level
a - Foxfire               Conj/Fire      100%       2x1d9     1%          1
b - Scorch                Fire           100%       2d9       1%          2
c - Volatile Blastmotes   Fire/Tloc      96%        2d18      1%          3
d - Flame Wave            Conj/Fire      67%        2d15      1%          4
e - Mephitic Cloud        Conj/Pois/Air  37%        N/A       1%          3

Your spell library contained the following spells:

 Spells                   Type           Power      Damage    Failure   Level
 Frozen Ramparts          Ice            34%        1d6       3%          3
 Apportation              Tloc           34%        N/A       1%          1
 Necrotise                Necr           68%        1d7       1%          1
 Sting                    Tmut/Pois      68%        1d6       1%          1
 Summon Small Mammal      Summ           68%        N/A       1%          1
 Poisonous Vapours        Pois/Air       34%        N/A       1%          2
 Inner Flame              Hex/Fire       48%        N/A       1%          3
 Freezing Cloud           Conj/Ice/Air   18%        6-21      9%          5
 Olgreb's Toxic Radiance  Pois           17%        N/A       12%         4


Dungeon Overview and Level Annotations

Branches:
Dungeon (9/15)             Temple (1/1) D:6            Lair (0/5) D:9
    Orc: D:9-12

Altars:
Ashenzari
Cheibriados
Dithmenos
Elyvilon
Fedhas
Gozag
Hepliaklqana
Kikubaaqudgha
Makhleb
Nemelex Xobeh
Okawaru
Qazlal
Ru
Sif Muna
Trog
Uskayaw
Vehumet
Wu Jian
Xom
Yredelemnul
Zin
The Shining One

Shops:
D:3 [

Annotations:
D:7 1 runed translucent door, Crazy Yiuf


Message History

The kobold brigand is engulfed in noxious fumes.
The kobold demonologist is engulfed in noxious fumes.
The kobold demonologist appears confused.
The kobold demonologist hits the kobold brigand with a +0 dagger.
The chaos spawn gores you!
You are engulfed in flames!
The foxfire hits the chaos spawn but does no damage.
The foxfire hits the chaos spawn!
The chaos spawn is moderately wounded.
The kobold demonologist is engulfed in noxious fumes.
The kobold demonologist appears confused.
The kobold demonologist hits the kobold brigand but does no damage.
The kobold brigand is engulfed in noxious fumes.
The kobold brigand appears confused.
The kobold brigand barely misses the chaos spawn.
The chaos spawn barely misses you.
Casting: Foxfire (safe; 1% risk of failure)
Confirm with . or Enter, or press ? or * to list all spells.
You conjure some foxfire!
The kobold brigand is engulfed in noxious fumes.
The kobold brigand closely misses the chaos spawn.
The kobold demonologist hits the kobold brigand with a +0 dagger.
The chaos spawn gores you!
You are engulfed in flames!
The foxfire hits the chaos spawn but does no damage.
The chaos spawn is moderately wounded.
The foxfire hits the chaos spawn!
The chaos spawn is heavily wounded.
The kobold demonologist hits the kobold brigand with a +0 dagger.
The chaos spawn gores you!
* * * LOW HITPOINT WARNING * * *
The kobold brigand closely misses the chaos spawn.
There is an open door here.
The kobold brigand barely misses something.
You hear a shout!
The chaos spawn attacks as you move away!
The chaos spawn closely misses you.
The chaos spawn attacks as you move away!
The chaos spawn hits you!
* * * LOW HITPOINT WARNING * * *
The chaos spawn freezes you! You resist.
You die...

########## ########
#####......... #......#
#............. #####......#
#.............
#..........#####.............
#............................
#.........................###
#.........................#>.
#).........4@...........##.#.
#)####K####...####'##........
#.#.......#...#..............
#.#.......#...#....#.....#...
#)#...K...#...'...#..........
#.#.......#...#.......#.#....
#.#...K...#..##..~.....###..#
#.#...K...#..#........#(#...#
#.#.......#..#......#..#.....


You could see a chaos spawn (summoned) and a kobold brigand.

Vanquished Creatures
  A two-headed ogre (D:8)
  Maggie (D:8)
  A rime drake (D:9)
  3 polar bears (D:9)
  Grinder (D:5)
  2 hornets
  8 yaks
  2 wyverns (D:7)
  2 steam dragons (D:7)
  Menkaure (D:7)
  3 water moccasins
  Duvessa (D:7)
  6 ice beasts
  3 orc warriors
  A black bear (D:4)
  An ogre (D:6)
  2 wolves (D:9)
  A centaur (D:9)
  A kobold brigand (D:8)
  A phantom (D:6)
  2 gnoll sergeants
  Blork the orc (D:5)
  2 bullfrogs
  5 scorpions
  5 wights (D:8)
  Dowan (D:7)
  2 howler monkeys
  A hound (Temple)
  A jelly (D:6)
  A gnoll bouda (D:6)
  8 orc priests
  A sleepcap (D:7)
  Terence (D:3)
  3 iguanas
  3 orc wizards
  12 gnolls
  11 adders
  A shadow imp (D:6)
  An ufetubus (D:4)
  An adder skeleton (D:2)
  2 worms (D:4)
  5 dart slugs
  30 orcs
  10 ball pythons
  6 endoplasms
  2 giant cockroaches
  16 goblins
  10 hobgoblins
  3 jackals (D:2)
  17 kobolds
  2 quokkas
  A ball python skeleton (D:2)
  A ball python zombie (D:2)
  5 bats
  3 frilled lizards
  A quokka skeleton (D:2)
  9 rats
228 creatures vanquished.

Vanquished Creatures (collateral kills)
  6 foxfires (D:4)
6 creatures vanquished.

Vanquished Creatures (others)
  520 foxfires
520 creatures vanquished.

Grand Total: 754 creatures vanquished

Notes
Turn   | Place    | Note
-------+----------+-------------------------------------------
     0 | D:1      | pk666 the Deep Elf Fire Elementalist began the quest for
                  | the Orb.
     0 | D:1      | Reached XP level 1. HP: 10/10 MP: 6/6
   177 | D:1      | Reached XP level 2. HP: 14/15 MP: 5/8
   911 | D:1      | Learned a level 2 spell: Scorch
  1037 | D:2      | Reached XP level 3. HP: 19/19 MP: 8/10
  2105 | D:2      | Learned a level 3 spell: Volatile Blastmotes
  2210 | D:3      | Reached skill level 4 in Spellcasting
  2210 | D:3      | Reached XP level 4. HP: 24/24 MP: 9/12
  2437 | D:3      | Found a faded altar of an unknown god.
  2561 | D:3      | Learned a level 4 spell: Flame Wave
  2574 | D:3      | Found a hide-covered altar of Uskayaw.
  2636 | D:3      | Found a stormy altar of Qazlal.
  2673 | D:3      | Found Qowuyres's Antique Armour Emporium.
  2683 | D:3      | Reached XP level 5. HP: 28/28 MP: 8/13
  2927 | D:3      | Noticed Terence
  2933 | D:3      | Killed Terence
  3062 | D:3      | Found a white marble altar of Elyvilon.
  3371 | D:4      | Noticed an orc warrior
  3467 | D:4      | Killed an orc warrior
  3468 | D:4      | Reached skill level 5 in Spellcasting
  3468 | D:4      | Reached XP level 6. HP: 11/32 MP: 4/15
  3600 | D:4      | Learned a level 3 spell: Mephitic Cloud
  3636 | D:4      | Reached skill level 5 in Fire Magic
  4118 | D:4      | Reached skill level 5 in Dodging
  4123 | D:4      | Reached XP level 7. HP: 33/36 MP: 5/17
  4699 | D:5      | Entered Level 5 of the Dungeon
  4786 | D:5      | Found an ancient bone altar of Kikubaaqudgha.
  5029 | D:5      | Reached skill level 6 in Spellcasting
  5047 | D:5      | Noticed Blork the orc
  5053 | D:5      | Killed Blork the orc
  5164 | D:5      | Noticed Grinder
  5176 | D:5      | Killed Grinder
  5818 | D:6      | Reached skill level 5 in Conjurations
  5818 | D:6      | Reached XP level 8. HP: 41/41 MP: 12/20
  5897 | D:6      | Found a staircase to the Ecumenical Temple.
  5916 | Temple   | Entered the Ecumenical Temple
  5926 | Temple   | Became a worshipper of Vehumet
  6093 | D:6      | Reached skill level 7 in Spellcasting
  7152 | D:6      | Reached skill level 8 in Spellcasting
  7481 | D:7      | Reached XP level 9. HP: 45/45 MP: 10/23
  7681 | D:7      | Identified the +2 cloak of Kiudoigy {rPois Will+ MP+9
                  | Dex-2}
  7982 | D:7      | Noticed Menkaure
  7995 | D:7      | Killed Menkaure
  7995 | D:7      | Reached * piety under Vehumet
  7995 | D:7      | Offered knowledge of Freeze by Vehumet.
  8064 | D:7      | Reached skill level 9 in Spellcasting
  8169 | D:7      | Found a runed translucent door.
  8170 | D:7      | Noticed Crazy Yiuf
  8183 | D:7      | Noticed Dowan
  8186 | D:7      | Noticed Duvessa
  8195 | D:7      | Killed Dowan
  8196 | D:7      | Killed Duvessa
  8803 | D:8      | Reached XP level 10. HP: 50/50 MP: 20/25
  8877 | D:8      | Reached skill level 10 in Spellcasting
  9118 | D:8      | Noticed Maggie
  9124 | D:8      | Noticed a two-headed ogre
  9126 | D:8      | Killed Maggie
  9183 | D:8      | Reached ** piety under Vehumet
  9337 | D:8      | Killed a two-headed ogre
  9337 | D:8      | Offered knowledge of Static Discharge by Vehumet.
  9985 | D:9      | Reached skill level 10 in Dodging
  9991 | D:9      | Reached skill level 11 in Spellcasting
 10391 | D:9      | Found a staircase to the Lair.
 10468 | D:9      | Offered knowledge of Frozen Ramparts by Vehumet.
 10528 | D:9      | Reached skill level 10 in Fire Magic
 10528 | D:9      | Reached XP level 11. HP: 54/54 MP: 25/28
 10572 | D:9      | Slain by a chaos spawn

Illustrated notes

Levels and vault maps discovered:
D:1:      lightli_arrival_windingriver, layout_loops_ring
D:2:      layout_loops_corners, serial_undead, serial_undead_a, serial_undead_e,
          serial_undead_a, serial_undead_f, corexii_leaking_fountain,
          kennysheep_potato
D:3:      minmay_spotlight, layout_rooms, mainiacjoe_overflow_big_doors,
          elyvilon_altar_3, hellmonk_ecumenical_altar_crossroads, serial_shops,
          shop, amcnicky_mini_corridor_feature, uniq_terence
D:4:      corexii_shack_village, layout_loops_ring, minmay_three_crescents
D:5:      layout_basic, nicolae_kikubaaqudgha_miasma_corner, uniq_blork_the_orc,
          uniq_grinder
D:6:      layout_basic, minmay_temple_entry_stoned_glass, grunt_ministairs_9,
          hangedman_abyss_or_decor_stagger, chequers_serial_rivers_micro_d
D:7:      layout_loops_ring, uniq_duvessa, uniq_menkaure,
          uniq_crazy_yiuf_cottage
D:8:      layout_basic, uniq_maggie
D:9:      layout_irregular_city, hellmonk_lair_entry_icy
Temple:   nicolae_temple_two_arcs

Skill      XL: |  1  2  3  4  5  6  7  8  9 10 |
---------------+-------------------------------+-----
Dodging        | 3 4 5 6 7 9 10 | 10.5
Conjurations   | 2 3 4 5 6 7 9 |  9.3
Spellcasting   | 4 5 6 8 9 11 | 11.5
Fire Magic     | 4 5 6 7 8 10 | 10.0
Stealth        | |  2.4

Action                     |  1- 3 |  4- 6 |  7- 9 | 10-12 || total
---------------------------+-------+-------+-------+-------++-------
  Melee: Unarmed           |       |     1 |       |       ||     1
         Dagger            |       |       |     3 |       ||     3
   Cast: Foxfire           |    88 |    66 |   101 |    58 ||   313
         Volatile Blastmot |     1 |     4 |     9 |     6 ||    20
         Scorch            |       |    25 |    85 |    63 ||   173
         Mephitic Cloud    |       |     1 |    19 |    23 ||    43
         Flame Wave        |       |       |     3 |     5 ||     8
    Use: Scroll            |       |       |     2 |       ||     2
         Potion            |       |       |     1 |       ||     1
   Stab: Confused          |       |       |     1 |       ||     1
 Armour: Robe              |    16 |    12 |     8 |    11 ||    47
  Dodge: Dodged            |    39 |    13 |    27 |    34 ||   113

Table legend: (Time is in decaauts)
 A = Elapsed time spent in this place.
 B = Non-inter-level travel time spent in this place.
 C = Inter-level travel time spent in this place.
 D = Time resting spent in this place.
 E = Time spent auto-exploring this place.
 F = Levels seen in this place.
 G = Mean time per level.
                   A        B        C        D        E       F      G
               +--------+--------+--------+--------+--------+-----+--------+
         Total |  10573 |  10029 |    544 |   2223 |   6082 |  10 | 1057.3 |
       Dungeon |  10341 |   9807 |    534 |   2104 |   5995 |   9 | 1149.0 |
        Temple |    231 |    221 |     10 |    119 |     87 |   1 |  231.0 |
               +--------+--------+--------+--------+--------+-----+--------+

Top non-repeatable levels by time:
     D:4: 1425 daAuts
     D:8: 1357 daAuts
     D:6: 1325 daAuts
     D:7: 1286 daAuts
     D:3: 1207 daAuts
     D:2: 1200 daAuts
     D:5: 1021 daAuts
     D:1: 935 daAuts
     D:9: 582 daAuts
  Temple: 231 daAuts
